Map: Odyssey LE

Players

ToddTheLiar

  • Race: Zerg Zerg
  • League: Master
  • Spawn Location: 5:00

ibla - Winner!

  • Race: Terran Terran
  • League: Master
  • Spawn Location: 11:00

VOD

Have the link to the VOD?

Description

Time

  • Played on: Oct. 7, 2017, 8:31 p.m.
  • Length: 10:47
Show
View Real Time Build Order
Export as new Build Order

ToddTheLiar Zerg 

Build Orders: Hatch First 

Get SALT Encoding   

  12  0:01  Drone  
  13  0:12  Overlord  
  13  0:17  Drone  
  14  0:31  Drone x2  
  14  0:34  Drone  
  17  0:53  Hatchery  
  17  0:54  Drone  
  17  0:57  Drone  
  18  1:10  Extractor  
  17  1:14  Spawning Pool  
  17  1:15  Drone  
  17  1:18  Drone  
  18  1:29  Drone  
  19  1:39  Overlord  
  19  1:49  Drone  
  20  2:00  Queen  
  22  2:01  Zergling x2  
  22  2:06  Queen  
  22  2:07  Zergling x2  
  26  2:13  Metabolic Boost  
  26  2:15  Overlord  
  26  2:19  Drone  
  27  2:27  Drone  
  28  2:36  Drone x2  
  30  2:44  Hatchery  
  29  2:49  Pneumatized Carapace  
  29  2:52  Drone  
  29  2:54  Drone  
  29  2:57  Drone  
  32  3:03  Overlord  
  32  3:07  Drone x2  
  32  3:10  Drone  
  35  3:13  Drone  
  36  3:20  Overlord  
  36  3:22  Drone x3  
  36  3:26  Drone x2  
  41  3:32  Drone  
  43  3:34  Drone  
  43  3:39  Roach Warren  
  43  3:41  Queen  
  44  3:46  Drone  
  44  3:51  Drone  
  44  3:52  Extractor  
  44  3:54  Drone  
  46  3:55  Drone  
  46  3:57  Queen  
  46  4:02  Overlord, Drone x2  
  50  4:03  Drone  
  50  4:07  Evolution Chamber  
  50  4:09  Drone x2  
  53  4:11  Evolution Chamber  
  53  4:16  Drone x4  
  56  4:22  Drone x4  
  60  4:25  Overlord  
  60  4:28  Drone  
  60  4:29  Drone x2  
  63  4:40  Overlord, Zerg Missile Weapons Level 1  
  63  4:46  Hatchery  
  63  4:49  Drone  
  63  4:52  Roach Warren, Zerg Ground Armor Level 1  
  62  4:57  Drone x4  
  66  5:03  Overlord, Drone  
  66  5:04  Drone x3  
  70  5:08  Lair  
  70  5:13  Extractor  
  69  5:14  Drone x2  
  69  5:15  Drone x2  
  73  5:22  Drone x2, Extractor  
  73  5:23  Drone x2  
  73  5:24  Extractor x2  
  74  5:30  Drone x3  
  74  5:31  Drone x5  
  82  5:44  Roach x3  
  82  5:46  Overlord x2  
  82  5:49  Overlord  
  88  5:50  Overlord  
  88  5:54  Zergling x2  
  89  6:08  Roach, Drone x3  
  89  6:10  Zergling x6  
  97  6:13  Drone x2  
  97  6:14  Drone, Hydralisk Den  
  99  6:19  Queen  
  99  6:20  Queen  
  99  6:24  Extractor  
  102  6:27  Drone x2, Infestation Pit  
  102  6:28  Drone, Hatchery  
  102  6:29  Drone x2  
  102  6:30  Overlord  
  105  6:43  Roach x2  
  105  6:44  Hydralisk  
  105  6:45  Hydralisk x4  
  118  6:47  Overlord  
  118  6:48  Overlord x3  
  118  6:55  Overlord  
  118  7:01  Overlord  
  118  7:03  Zerg Missile Weapons Level 2  
  118  7:04  Zerg Ground Armor Level 2  
  118  7:06  Muscular Augments  
  132  7:18  Drone  
  132  7:19  Drone x2  
  135  7:23  Overlord  
  135  7:25  Drone x2, Overlord  
  149  7:34  Extractor  
  149  7:35  Extractor  
  147  7:41  Spine Crawler  
  147  7:42  Spine Crawler  
  145  7:48  Hive  
  145  7:49  Burrow  
  145  7:51  Hydralisk  
  145  7:52  Hydralisk x2  
  145  7:54  Hydralisk x3  
  157  8:05  Drone x4  
  156  8:08  Swarm Host x2  
  167  8:20  Spine Crawler  
  167  8:24  Overlord x2  
  166  8:32  Hydralisk x3  
  172  8:36  Hydralisk x5  
  172  8:37  Hydralisk x2  
  186  8:43  Spine Crawler  
  182  9:02  Hydralisk x2  
  181  9:03  Viper x3  
  181  9:06  Hatchery  
  191  9:14  Viper  
  191  9:16  Zergling x2  
  198  9:17  Zergling x10  
  198  9:20  Overlord  
  198  9:38  Hydralisk  
  191  9:54  Hydralisk x4  
  147  10:15  Hydralisk x4  
  147  10:16  Hydralisk x7  
  147  10:18  Roach x2  
  147  10:19  Roach  
  147  10:20  Zergling x2  
  147  10:21  Zergling x12  
Show
View Real Time Build Order
Export as new Build Order

ibla Terran - Winner!

Build Orders: Mech 

Get SALT Encoding   

  12  0:00  SCV  
  13  0:12  SCV  
  14  0:17  Supply Depot  
  14  0:25  SCV  
  15  0:38  SCV  
  15  0:40  Barracks  
  16  0:50  SCV  
  17  1:02  SCV  
  18  1:15  SCV  
  19  1:28  Orbital Command, Marine  
  19  1:31  Command Center  
  20  1:38  Refinery  
  20  1:41  Refinery  
  20  1:45  Marine  
  21  1:52  Supply Depot  
  21  1:55  SCV  
  22  2:07  SCV  
  23  2:13  Marine  
  24  2:20  Bunker, SCV  
  25  2:24  Factory  
  25  2:31  Marine  
  25  2:32  SCV  
  27  2:44  Orbital Command, SCV  
  28  2:50  Barracks Tech Lab  
  28  2:56  SCV  
  29  3:08  SCV  
  29  3:09  SCV  
  31  3:19  Siege Tank  
  34  3:20  SCV  
  34  3:21  SCV  
  36  3:27  Command Center  
  36  3:32  SCV  
  36  3:33  Supply Depot  
  37  3:35  Barracks Reactor  
  37  3:37  SCV  
  38  3:44  SCV  
  39  3:50  SCV  
  39  3:51  Siege Tank  
  43  3:58  SCV  
  43  4:01  Armory  
  43  4:02  Armory, SCV  
  45  4:10  SCV  
  45  4:12  Refinery  
  45  4:14  SCV, Refinery  
  47  4:22  SCV, Supply Depot  
  48  4:26  SCV  
  49  4:34  SCV  
  49  4:35  Hellion x2  
  54  4:39  SCV  
  54  4:43  Orbital Command  
  55  4:46  Factory, SCV  
  55  4:47  Factory, Barracks Tech Lab  
  55  4:51  SCV  
  57  4:54  Terran Vehicle Weapons Level 1  
  57  5:00  Hellion x2  
  57  5:03  SCV x2  
  57  5:06  Supply Depot  
  63  5:13  Orbital Command  
  63  5:15  SCV x2  
  65  5:27  SCV  
  65  5:28  SCV, Terran Vehicle And Ship Armor Level 1  
  67  5:31  Thor  
  67  5:35  Engineering Bay  
  73  5:40  SCV x3  
  73  5:41  Supply Depot  
  73  5:42  Supply Depot  
  76  5:48  Thor  
  82  5:52  SCV x2  
  82  5:54  SCV  
  85  6:03  Hellion x2  
  89  6:04  SCV  
  89  6:07  Factory x2  
  90  6:11  Barracks Reactor  
  90  6:12  Factory  
  90  6:13  SCV x2  
  90  6:15  Missile Turret  
  90  6:16  SCV  
  93  6:23  Siege Tank, Supply Depot  
  93  6:25  SCV, Supply Depot  
  97  6:33  SCV x2  
  97  6:39  Hellion  
  101  6:44  Siege Tank, SCV  
  101  6:45  SCV x2, Hellion  
  101  6:46  Supply Depot  
  109  6:49  Refinery  
  109  6:50  Refinery  
  109  6:53  Factory Tech Lab  
  109  6:54  Factory Tech Lab  
  109  6:55  Siege Tank  
  109  7:00  SCV x2  
  114  7:02  Missile Turret  
  114  7:07  Hellion x2  
  114  7:08  Hellion x2  
  120  7:09  SCV  
  120  7:11  Terran Vehicle Weapons Level 2  
  120  7:12  SCV  
  123  7:22  SCV  
  123  7:23  SCV  
  123  7:24  SCV  
  123  7:28  Terran Vehicle And Ship Armor Level 2, Supply Depot  
  123  7:29  Supply Depot  
  125  7:31  Supply Depot  
  125  7:33  Supply Depot  
  125  7:50  Siege Tank, SCV, Hellion x2  
  125  7:51  Siege Tank, Supply Depot, Hellion x2  
  140  7:52  Supply Depot  
  140  7:53  Siege Tank, Hellion  
  140  7:55  Infernal Pre-Igniter  
  143  8:11  Hellion x2  
  147  8:13  Hellion  
  147  8:14  Siege Tank, Hellion  
  147  8:17  Supply Depot  
  154  8:20  Supply Depot  
  154  8:22  Siege Tank  
  157  8:28  Siege Tank x2  
  157  8:31  Supply Depot  
  157  8:32  Supply Depot  
  157  8:33  Hellion x2  
  166  8:38  Command Center  
  166  8:41  Hellion  
  166  8:42  Hellion  
  166  8:46  Siege Tank  
  173  8:54  Siege Tank, Hellion  
  178  9:00  Siege Tank  
  181  9:13  Starport x2  
  181  9:15  Starport  
  181  9:17  Command Center  
  177  9:40  Siege Tank x2, Hellion  
  175  10:01  Starport Tech Lab x2, Starport Reactor  
  173  10:12  Siege Tank  
  173  10:13  Hellion x2  
  163  10:15  Siege Tank, Hellion  
  158  10:33  SCV  
  158  10:34  Missile Turret  
Tags
 
Composition
Mech
Matchup
TvZ
Spawn Locations
Cross Positions
Add a new tag
Caveats
  • Supply blocks, unpowered buildings, or Contaminate may cause inaccurate times.
  • Supply counts are checked every 10 seconds.